Map: Ice and Chrome LE

Players

RyuKey

  • Race: Zerg Zerg
  • League: Diamond
  • Spawn Location: 7:00

Reverse - Winner!

  • Race: Protoss Protoss
  • League: Diamond
  • Spawn Location: 1:00

VOD

Have the link to the VOD?

Description

Time

  • Played on: June 13, 2020, 10:32 a.m.
  • Length: 6:18
Show
View Real Time Build Order
Export as new Build Order

RyuKey Zerg 

Build Orders: Hatch First 

Get SALT Encoding   

  12  0:01  Drone  
  13  0:12  Overlord  
  13  0:18  Drone  
  14  0:31  Drone x2  
  16  0:50  Hatchery  
  16  0:53  Drone  
  16  0:57  Drone  
  17  1:06  Extractor  
  17  1:10  Drone  
  17  1:16  Spawning Pool  
  16  1:22  Drone  
  17  1:28  Drone  
  18  1:39  Drone  
  19  1:50  Drone  
  20  2:01  Overlord  
  20  2:05  Queen  
  20  2:06  Queen  
  24  2:10  Zergling x2  
  24  2:14  Drone x2  
  27  2:20  Metabolic Boost  
  27  2:23  Drone  
  27  2:24  Drone  
  29  2:33  Drone  
  30  2:41  Queen x2  
  34  2:56  Overlord x2  
  34  2:58  Drone x2  
  36  3:26  Hatchery  
  35  3:32  Drone x9  
  44  3:42  Lair  
  44  3:44  Extractor  
  44  3:47  Extractor  
  42  3:48  Extractor  
  40  4:07  Drone x4  
  44  4:14  Drone x4  
  44  4:15  Drone x2  
  50  4:19  Overlord  
  50  4:37  Overlord  
  50  4:42  Spire, Drone x2  
  50  4:45  Drone x6  
  54  4:52  Zergling x2  
  58  4:53  Baneling Nest  
  57  5:00  Spine Crawler x4  
  57  5:01  Spine Crawler  
  52  5:09  Zergling x10  
  52  5:10  Zergling x2  
  58  5:25  Zergling x2  
  58  5:26  Zergling x12  
  59  5:45  Baneling  
  59  5:46  Baneling x9  
  59  5:47  Zergling x12  
  59  5:48  Zergling x2  
Show
View Real Time Build Order
Export as new Build Order

Reverse Protoss - Winner!

Build Orders: 1 Gate Expand 

Get SALT Encoding   

  12  0:04  Probe  
  12  0:12  Probe  
  14  0:22  Pylon, Probe  
  15  0:40  Probe  
  16  0:44  Gateway  
  16  0:49  Assimilator  
  16  0:52  Probe  
  17  1:00  Probe  
  18  1:08  Probe  
  19  1:18  Probe  
  20  1:31  Nexus  
  20  1:43  Cybernetics Core  
  20  1:49  Probe  
  21  1:59  Gateway  
  21  2:01  Warp Gate  
  21  2:02  Probe  
  21  2:06  Assimilator  
  22  2:14  Probe  
  23  2:16  Pylon  
  23  2:34  Adept  
  23  2:35  Twilight Council  
  25  2:46  Robotics Facility  
  25  2:58  Probe x2  
  27  3:02  Resonating Glaives  
  27  3:10  Probe x2  
  29  3:22  Gateway x2  
  29  3:26  Probe  
  30  3:28  Probe  
  31  3:39  Probe  
  31  3:40  Probe  
  33  3:50  Adept x2  
  33  3:51  Probe  
  33  3:52  Probe  
  33  3:55  Warp Prism  
  41  4:14  Adept x2  
  45  4:20  Pylon  
  45  4:21  Pylon  
  45  4:39  Adept x3  
  45  4:40  Adept  
  53  4:53  Pylon  
  53  4:55  Pylon  
  53  5:06  Adept x3  
  59  5:07  Adept  
  61  5:30  Adept x2  
  61  5:31  Adept x2  
  69  5:54  Adept  
  69  5:55  Adept x3  
  53  6:17  Adept  
Tags
 
Add a new tag
Caveats
  • Supply blocks, unpowered buildings, or Contaminate may cause inaccurate times.
  • Supply counts are checked every 10 seconds.